Arrhythmia, chaotic female vampiric Convict --------- --- ....... .| ------------.....- ---------.| ----------- |[.%|...|.%|.....+ |%(.|...|.| ##..........| |%.*|...|%%|.....| |(((|...|.| # |[..<.....| |...|...|..|.....| |...|...|.| ########-..%......| | |...|...-|--....}-----|---|--.| # |.........| |.-(----|--....j...}.}....).....| ### ----------- |...............[...})}.).[.....| ) |.-|----|--....--|---}.....).)..| ### | |...|...----.|._@.|.------+--%| # |(((|...| |.|.(|.|.| |.-[# |..(|...| .|.(_.|.+ |.| |..(|...| |.|....|.| |.| --------- -.------.- -.| . . .| --- --- --- Arrhythmia the Jail-bird Experience level: 7 Strength: 14 Dexterity: 10 Constitution: 16 Intelligence: 14 Wisdom: 14 Charisma: 7 Health: 0(57) Energy: 49(49) AC: 5 Gold: 0 Moves: 2924 Your Inventory: Armor b - an uncursed +0 striped shirt (being worn) g - an [uncursed] +0 iron skull cap [orcish helm] (being worn) l - an [uncursed] +0 pair of hard shoes [iron] (being worn) u - an [uncursed] +0 pair of gloves called reg [leather] (being worn) H - an uncursed +0 hooded cloak [dwarvish] (being worn) K - an uncursed +0 small shield (being worn) Tools v - a cursed [magic] lamp called Magic V - an uncursed towel W - an uncursed lock pick Spells known in the end: Name Level Category Fail Memory Your skills at the end: Fighting Skills Weapon Skills sling [Basic / Skilled] Spellcasting Skills Final Attributes: You were piously aligned. Hunger level was 872. Your alignment was 24 / 24. Monster difficulty range was 1 - 6. Level difficulty was 6. You were immune to poison. You were immune to level-drain. You were immune to sickness. You could fly. You could survive without air. You regenerated. Your luck was zero. You are dead. Vanquished creatures: a ghost a small mimic a leprechaun a dingo a raven an orc shaman a rock mole 4 gnome lords a guardian naga hatchling a ghoul a floating eye 3 dwarves 2 rothes a monkey a dwarf zombie an iguana a coyote 4 hobbits a hobgoblin a giant rat a yellow mold 21 gnomes 2 geckos a jackal 2 foxes 2 kobolds 4 goblins 5 grid bugs 2 lichens a kobold zombie 6 newts 76 creatures vanquished. Voluntary challenges: You went without food. You never hit with a wielded weapon. You read items or engraved 2 times. You put on armor 8 times. You never genocided any monsters. You never polymorphed an object. You never changed form. You used no wishes. You abstained from Elbereth's help. You encountered 1 bones level. You never used any Sokoban shortcuts. Dungeon overview: The Dungeons of Doom: levels 1 to 4 Level 1 a long staircase Level 2 a fountain Level 3 some fountains stairs to The Gnomish Mines The Gnomish Mines: levels 4 to 6 Level 4 stairs to The Dungeons of Doom Level 6 <- You were here many shops, a temple to Tymora, a magic chest, a fountain History has recorded: On T:1 you entered the Dungeons of Doom to retrieve the Amulet of Yendor! On T:363 you reached level 2 of The Dungeons of Doom. On T:474 you advanced to experience level 2. On T:977 you advanced to experience level 3. On T:1080 you reached level 3 of The Dungeons of Doom. On T:1177 you reached level 4 of The Dungeons of Doom. On T:1222 you advanced to experience level 4. On T:1377 you reached level 1 of The Gnomish Mines. On T:1388 you advanced to experience level 5. On T:1696 you advanced to experience level 6. On T:2219 you reached level 2 of The Gnomish Mines. On T:2318 you advanced to experience level 7. Latest messages: You kick Jiro's ghost. [HP+1=57] You kick Jiro's ghost. You destroy Jiro's ghost! Ouch! That hurts! [HP-2=55] Something is engraved here on the headstone. You read: "Arrhythmia, killed by a priest of Tymora, while paralyzed by a monster". [HP+1=56] "Talk? Here is what I have to say!" The priest of Tymora swings his mace. The priest of Tymora hits! The priest of Tymora kicks! The air crackles around the priest of Tymora. [HP-29=27] The priest of Tymora swings his mace. The priest of Tymora hits! The priest of Tymora kicks! You die... Final status: Goodbye Arrhythmia the Convict... You died in The Gnomish Mines on dungeon level 6 with 3750 points, and 0 pieces of gold, after 2924 moves. You were level 7 with a maximum of 57 hit points when you died.